Map: Террасы Приона

Players

Txuko

  • Race: Zerg Zerg

snezhik - Winner!

  • Race: Zerg Zerg
  • League: Silver

VOD

Have the link to the VOD?

Description

Time

  • Played on: Dec. 29, 2015, 11:07 p.m.
  • Length: 3:24
Show
View Real Time Build Order
Export as new Build Order

Txuko Zerg 

Build Orders: Hatch First 

Get SALT Encoding   

  12  0:01  Drone  
  13  0:08  Drone  
  14  0:36  Hatchery  
  14  0:37  Drone  
  14  0:45  Overlord  
  14  1:03  Spawning Pool  
  13  1:05  Drone  
  14  1:13  Drone  
  15  1:20  Drone, Extractor  
  15  1:28  Drone  
  16  1:50  Zergling x6  
  16  1:52  Queen  
  16  1:53  Drone  
  22  1:58  Queen  
  25  2:08  Drone  
  25  2:16  Drone x2  
  25  2:19  Drone  
  28  2:23  Overlord  
  28  2:43  Drone  
  29  2:45  Drone  
  29  2:46  Drone x2  
  32  2:55  Baneling Nest  
  31  3:04  Zergling x2  
  31  3:05  Zergling x2  
Show
View Real Time Build Order
Export as new Build Order

snezhik Zerg - Winner!

Build Orders: Pool Only 

Get SALT Encoding   

  12  0:20  Spawning Pool  
  11  0:22  Drone  
  12  0:31  Overlord  
  12  0:35  Extractor  
  11  0:43  Overlord  
  11  1:06  Queen  
  11  1:07  Zergling x2  
  11  1:10  Zergling x2  
  15  1:21  Zergling x2  
  16  1:35  Zergling x2  
  16  1:37  Metabolic Boost  
  17  1:46  Zergling x2  
  18  1:53  Zergling x2  
  20  1:54  Zergling x2  
  20  2:05  Zergling x2  
  21  2:18  Zergling x6  
  24  2:31  Zergling x4  
  26  2:40  Zergling x2  
  27  2:56  Zergling x4  
  27  2:57  Zergling x2  
Tags
 
Add a new tag
Caveats
  • Supply blocks, unpowered buildings, or Contaminate may cause inaccurate times.
  • Supply counts are checked every 10 seconds.